 Dungeon Crawl Stone Soup version 0.30.1-9-gdf580d7c3d (webtiles) character file.

Game seed: 10871211324028437890

140 Peloso the Shield-Bearer (level 5, -10/47 HPs)
             Began as a Minotaur Fighter on Sept 28, 2023.
             Killed by divine providence
             ... invoked by an orc priest
              (15 damage)
             ... on level 4 of the Dungeon.
             The game lasted 00:03:54 (2208 turns).

Peloso the Shield-Bearer (Minotaur Fighter)         Turns: 2208, Time: 00:03:55

Health: -10/47     AC: 12    Str: 20    XL:     5   Next: 2%
Magic:  4/4        EV:  7    Int:  5    God:
Gold:   111        SH: 14    Dex: 12    Spells: 4/4 levels left

rFire   . . .        a - +0 long sword
rCold   . . .        d - +0 kite shield
rNeg    . . .        p - +0 chain mail
rPois   .            (helmet restricted)
rElec   .            g - +0 cloak
rCorr   .            s - +0 pair of gloves
SInv    .            (no boots)
Will    .....        e - amulet of reflection Stlth
                     (no ring)
HPRegen 0.27/turn    (no ring)
MPRegen 0.09/turn

%: reflection
@: no status effects
A: horns 2, retaliatory headbutt
a: no special abilities


You were on level 4 of the Dungeon.
You visited 1 branch of the dungeon, and saw 4 of its levels.

You collected 111 gold pieces.

Inventory:

Hand Weapons
 a - a +0 long sword (weapon)
Armour
 b - a +0 scale mail
 c - a +0 buckler
 d - a +0 kite shield (worn)
 g - a +0 cloak (worn)
 p - a +0 chain mail (worn)
 s - a +0 pair of gloves (worn)
Jewellery
 e - an amulet of reflection (around neck)
Scrolls
 h - a scroll of poison
 i - a scroll of enchant weapon {unknown}
 j - a scroll of fog {unknown}
 k - 2 scrolls of identify
 l - a scroll of immolation {unknown}
 m - a scroll of noise {unknown}
 n - a scroll of amnesia {unknown}
 o - a scroll of teleportation {unknown}
 r - 2 scrolls of enchant armour {unknown}
Potions
 f - 3 potions of might
 q - a potion of invisibility


   Skills:
 + Level 4.5 Fighting
 + Level 3.8 Long Blades
 + Level 4.4 Armour
 + Level 0.5 Dodging
 + Level 0.2 Stealth
 + Level 4.7 Shields


You had 4 spell levels left.
You didn't know any spells.
Your spell library was empty.

Dungeon Overview and Level Annotations

Branches:
Dungeon (4/15)
 Temple: D:4-7

Altars:
Yredelemnul

Shops:
D:1 [   D:3 =


Innate Abilities, Weirdness & Mutations

You have a pair of horns on your head.
You reflexively headbutt those who attack you in melee.


Message History

q - a potion of invisibility
Found a scroll labelled HUC MEUTARU.
An orc priest comes into view.
It is wielding a +2 hand axe of electrocution.
The orc priest shouts!
An orc comes into view. It is wielding a +0 flail.
An orc wizard comes into view. It is wielding a +0 dagger.
The orc wizard shouts!
The orc shouts!
You closely miss the orc.
The orc priest mumbles some strange prayers to Beogh against you.
Beogh smites you!
A quokka comes into view.
Unknown command.
You closely miss the orc. You block the orc's attack.
The orc priest mumbles some strange prayers to Beogh against you.
Beogh smites you!
The orc priest calls down the wrath of Beogh upon you.
Beogh smites you!
* * * LOW HITPOINT WARNING * * *
Unknown command.
You closely miss the orc. The orc hits you with a +0 flail.
* * * LOW HITPOINT WARNING * * *
Okay, then.
Okay, then.
The air fills with toxic fumes!
As you read the scroll labelled YJYNUF WUASCHO, it crumbles to dust.
It was a scroll of poison.
The orc hits you with a +0 flail.
* * * LOW HITPOINT WARNING * * *
Unknown command.
You barely miss the orc. You block the orc's attack.
Unknown command.
You hit the orc.
The orc is heavily wounded.
You block the orc's attack.
The orc priest miscasts a cantrip.
Unknown command.
You hit the orc wizard. Your headbutt misses the orc wizard.
The orc wizard is lightly wounded.
The orc priest calls down the wrath of Beogh upon you.
Beogh smites you!
You die...

.## ###..## ....§§.
...§§§. ..§§§§. ..
..§§§§. #.## ####o§§§§§.
#..# #§@oo§§§§§.
########.######§##§§#####
#.....#.....##§§##.§§§#
............§§§§...##§§§.
...........§§§§##### §§.
.........§§§§§## §.
....>....§§§§§## .
.........§§§§§.#
...................


You could see an orc priest, an orc wizard and an orc.

Vanquished Creatures
  An orc priest (D:3)
  An orc wizard (D:2)
  2 adders (D:2)
  5 orcs
  5 ball pythons
  6 endoplasms
  3 giant cockroaches
  5 goblins
  3 hobgoblins
  4 jackals (D:2)
  A quokka (D:2)
  4 bats
  2 frilled lizards
  10 kobolds
  5 rats
57 creatures vanquished.

Notes
Turn   | Place    | Note
-------+----------+-------------------------------------------
     0 | D:1      | Peloso the Minotaur Fighter began the quest for the Orb.
     0 | D:1      | Reached XP level 1. HP: 19/19 MP: 0/0
    82 | D:1      | Found Anyss's Antique Armour Shop.
   209 | D:1      | Reached XP level 2. HP: 21/27 MP: 1/1
   581 | D:1      | You fall into a shaft and drop 1 floor!
   768 | D:2      | Reached XP level 3. HP: 32/33 MP: 2/2
  1519 | D:3      | Reached XP level 4. HP: 41/41 MP: 3/3
  1640 | D:3      | Found a basalt altar of Yredelemnul.
  1679 | D:3      | Found Ymnecvan's Jewellery Shop.
  1929 | D:3      | Reached XP level 5. HP: 47/47 MP: 4/4
  2208 | D:4      | Killed from afar by an orc priest

Illustrated notes

Levels and vault maps discovered:
D:1:      psy_arrival_statuary, layout_basic, serial_shops, nicolae_shop_stone
D:2:      layout_rooms
D:3:      layout_basic, mainiacjoe_overflow_small_starburst, serial_shops, shop
D:4:      layout_rooms, enter_ossuary_2, uniq_blork_the_orc, uniq_menkaure,
          uniq_robin, uniq_edmund

Skill      XL: |  1  2  3 |
---------------+----------+-----
Fighting       | 4 |  4.5
Armour         | 4 |  4.4
Shields        | 4 |  4.7
Long Blades    | 3 |  3.8
Dodging        | |  0.5
Stealth        | |  0.2

Action                     |  1- 3 |  4- 6 || total
---------------------------+-------+-------++-------
  Melee: Long sword        |   108 |    52 ||   160
         Headbutt          |    10 |     4 ||    14
    Use: Scroll            |       |     2 ||     2
 Armour: Scale mail        |    61 |       ||    61
         Chain mail        |       |    14 ||    14
  Dodge: Dodged            |    30 |     8 ||    38
  Block: Buckler           |    13 |       ||    13
         Kite shield       |    75 |    34 ||   109
         Reflection        |     3 |       ||     3
